 Dungeon Crawl Stone Soup version 0.20.1-1-g8b1a95d (webtiles) character file.

27880 vatarom the Thaumaturge (level 13, -9/61 HPs)
             Began as a Spriggan Conjurer on Sept 4, 2017.
             Was a High Priest of Ashenzari.
             Killed from afar by a guardian serpent (31 damage)
             ... with a bolt of poison
             ... on level 3 of the Abyss.
             The game lasted 01:12:05 (22860 turns).

vatarom the Thaumaturge (Spriggan Conjurer)        Turns: 22860, Time: 01:12:05

Health: -9/61      AC:  5    Str:  7    XL:     13   Next: 6%
Magic:  42/45      EV: 23    Int: 23    God:    Ashenzari [*****.]
Gold:   633        SH:  0    Dex: 16    Spells: 2/36 levels left

rFire    . . .     SeeInvis +   P - staff of power (curse)
rCold    . . .     Gourm    .   (shield currently unavailable)
rNeg     . . .     Faith    .   i - +0 robe {MR+} (curse)
rPois    .         Spirit   .   K - +1 hat
rElec    .         Reflect  .   f - +1 cloak (curse)
rCorr    .         Harm     .   (gloves unavailable)
MR       +++..     Clarity  +   (boots unavailable)
Stlth    +++.......             (no amulet)
Regen    0.2/turn               a - ring of wizardry (curse)
MPRegen  0.3/turn               j - +4 ring of intelligence (curse)

@: lethally poisoned (-9 -> -27), very slightly contaminated, drained, very
quick
A: unfitting armour, claws 1, see invisible, herbivore 3, speed 3, slow
metabolism 2
a: Curse Item, Scrying, Transfer Knowledge, Renounce Religion


You were on level 3 of the Abyss.
You worshipped Ashenzari.
Ashenzari was extremely pleased with you.
You were not hungry.

You visited 3 branches of the dungeon, and saw 16 of its levels.
You visited the Abyss 1 time.

You collected 879 gold pieces.
You spent 246 gold pieces at shops.

Inventory:

Hand Weapons
 d - a +0 dagger
Armour
 f - a cursed +1 cloak (worn)
 i - a cursed +0 robe of magic resistance (worn)
 K - a +1 hat (worn)
Magical Staves
 P - a cursed staff of power (weapon)
Jewellery
 a - a cursed ring of wizardry (left claw)
 e - an uncursed ring of stealth
 j - a cursed +4 ring of intelligence (right claw)
 l - an uncursed ring of poison resistance
 q - an uncursed amulet of regeneration
 G - an uncursed ring of protection from magic
Wands
 h - a wand of disintegration (10/24)
 t - a wand of paralysis (16/24)
 z - a wand of iceblast (2/15)
 C - a wand of lightning (4/15)
 E - a wand of enslavement (17/24)
 L - a wand of clouds (1/9)
 M - a wand of lightning (4/15)
Scrolls
 c - 5 scrolls of identify
 n - 2 scrolls of teleportation
 v - 2 scrolls of recharging
 w - a scroll of fear
 F - 2 scrolls of enchant armour
 H - 4 scrolls of magic mapping
 O - a scroll of blinking
 Q - a scroll of amnesia
 R - 2 scrolls of remove curse
Potions
 g - a potion of might
 k - 4 potions of flight
 p - 3 potions of haste
 r - a potion of cancellation
 s - 3 potions of curing
 x - 3 potions of agility
 A - 6 potions of heal wounds
 J - a potion of lignification
 N - 2 potions of magic
Books
 b - a book of Conjurations

   Spells                             Type                      Level
   a - Magic Dart                     Conjuration                  1
   b - Searing Ray                    Conjuration                  2
   c - Dazzling Spray                 Conjuration/Hexes            3
   d - Fulminant Prism                Conjuration/Hexes            4
   e - Force Lance                    Conjuration/Translocation    4
   f - Iskenderun's Mystic Blast      Conjuration                  4
 o - a book of Maledictions

   Spells                             Type                      Level
   a - Corona                         Hexes                        1
   b - Ensorcelled Hibernation        Hexes/Ice                    2
   c - Confuse                        Hexes                        3
   d - Tukima's Dance                 Hexes                        3
   e - Dazzling Spray                 Conjuration/Hexes            3
 u - a Grand Grimoire

   Spells                             Type                      Level
   a - Monstrous Menagerie            Summoning                    7
   b - Summon Greater Demon           Summoning                    7
   c - Malign Gateway                 Summoning/Translocation      7
   d - Summon Horrible Things         Summoning                    8
 y - a book of Changes

   Spells                             Type                      Level
   a - Beastly Appendage              Transmutation                1
   b - Sticks to Snakes               Transmutation                2
   c - Spider Form                    Transmutation/Poison         3
   d - Ice Form                       Ice/Transmutation            4
   e - Blade Hands                    Transmutation                5
 D - a book of Battle

   Spells                             Type                      Level
   a - Infusion                       Charms                       1
   b - Shroud of Golubria             Charms/Translocation         2
   c - Song of Slaying                Charms                       2
   d - Spectral Weapon                Hexes/Charms                 3
   e - Regeneration                   Charms/Necromancy            3
Comestibles
 m - 11 bread rations
 B - 6 royal jellies
 I - 7 fruits


   Skills:
 - Level 4.1(3.8) Fighting
 - Level 5.5(7.9) Dodging
 - Level 3.0(5.0) Stealth
 - Level 12.3(15.6) Spellcasting
 - Level 10.2(12.3) Conjurations
 - Level 6.0(8.4) Hexes
 - Level 4.4(6.7) Summonings
 * Level 12.0(13.9) Translocations
 - Level 10.9(13.0) Evocations


You had 2 spell levels left.
You knew the following spells:

 Your Spells              Type           Power        Failure   Level  Hunger
a - Magic Dart            Conj           ####         0%          1    None
b - Searing Ray           Conj           ######       1%          2    None
c - Dazzling Spray        Conj/Hex       ######       1%          3    None
d - Fulminant Prism       Conj/Hex       ######....   1%          4    None
e - Force Lance           Conj/Tloc      ######..     1%          4    None
f - Iskenderun's Mystic   Conj           ######..     1%          4    None
g - Malign Gateway        Summ/Tloc      ######....   16%         7    ######.
h - Shroud of Golubria    Chrm/Tloc      ######....   1%          2    None
i - Monstrous Menagerie   Summ           #####.....   52%         7    ######.


Dungeon Overview and Level Annotations

Branches:
Dungeon (11/15)            Temple (1/1) D:6            Lair (4/6) D:8
  Swamp (0/4) Lair:4        Snake (0/4) Lair:4          Orc (0/2) D:9

Altars:
Ashenzari
Cheibriados
Dithmenos
Elyvilon
Fedhas
Gozag
Hepliaklqana
Kikubaaqudgha
Makhleb
Nemelex Xobeh
Okawaru
Qazlal
Ru
Sif Muna
Trog
Uskayaw
Vehumet
Xom
Yredelemnul
Zin
The Shining One

Shops:
D:6 ?   D:9 %

Annotations:
D:11 Thaneod's ghost, journeyman MiBe


Innate Abilities, Weirdness & Mutations

You are very small and have problems with some larger weapons.
You are too small for most types of armour.
You have supernaturally acute eyesight. (SInv)
You are a herbivore.
You cover ground extremely quickly.
You need consume almost no food.
You have sharp fingernails.


Message History

The smoke demon roars!
The guardian serpent coils itself and waves its upper body at you.
The bolt of poison hits you!
You are poisoned.
Found a gateway leading out of the Abyss.
You feel sick.
You feel sick.
You feel sick.
You feel sick.
A raiju comes into view.
You feel sick.
The raiju barks!
There is a gateway leading out of the Abyss here.
Okay, then.
You feel sick.
The guardian serpent coils itself and waves its upper body at you.
The bolt of poison hits you!
You are more poisoned.
Ouch! That really hurt!
You die...

, * *.. #.. #..##..##..##
, ,,
*,.##..##..##..##..##.x##.
, ...,..............5....,
,, ,
,...,...................
,* , #..
#..##..##{.##..##{
.##..##..##..##..##..#*{ ,
............S.x.3...... *
,,,,
...h.................N.. *
, * *#..##@.##..##..##..*#
, ,**,,* , #..##..##..##..
. ,, ,,,
..............,... ,,,, ,,
,............... . .. ,, *
, * ,
#..##..##..##..##..**, , ,
#.. #..##..# ..# ..** , ,
... ,......... .., ,, ..,
.... ,,.. , , , , * * , *
, * , *, * ,


You could see a guardian serpent, a raiju and a small abomination.

Vanquished Creatures
  Rupert (Lair:4)
  Josephine (Lair:4)
  The ghost of Rhok the Cleaver, a journeyman DrFi of Ru (D:10)
  3 hydras
  3 two-headed ogres
  Sonja (Lair:2)
  Pikel (D:7)
  2 oklob plants (Lair:1)
  5 spiny frogs
  6 torpor snails (Lair:2)
  A black mamba (Lair:2)
  3 centaur skeletons
  A komodo dragon (Lair:2)
  A rime drake (Lair:1)
  The ghost of CrashTest the Magician, a novice DEIE (D:6)
  A merfolk (D:9)
  A hornet (D:11)
  A troll (D:10)
  4 blink frogs
  6 hippogriffs
  Sigmund (D:2)
  4 wraiths (Lair:4)
  15 yaks
  A basilisk (Lair:1)
  A steam dragon (D:10)
  A hungry ghost (D:10)
  A naga (Lair:4)
  4 porcupines
  7 water moccasins
  A sky beast (D:11)
  An orc warrior (D:7)
  7 ice beasts
  3 slaves (D:7)
  A phantom (D:11)
  A necrophage (D:8)
  6 ogres
  9 wolves
  5 centaurs
  8 crocodiles
  14 bullfrogs
  A water moccasin skeleton (D:7)
  3 scorpions
  3 killer bees (D:11)
  5 wights
  2 howler monkeys
  4 crimson imps
  2 bullfrog skeletons
  2 centaur zombies
  5 hounds
  6 jellies
  4 orc priests
  An iron imp (Abyss:3)
  11 orc wizards
  4 iguanas
  10 worker ants
  2 hound skeletons
  4 gnolls (D:3)
  16 adders
  2 shadow imps
  An ooze (D:1)
  2 adder skeletons (D:6)
  2 adder zombies
  3 dart slugs
  4 leopard geckos
  43 orcs
  8 giant cockroaches
  5 goblins
  9 hobgoblins
  7 jackals
  7 quokkas
  8 bats
  5 frilled lizards
  A goblin skeleton (D:5)
  A goblin zombie (D:5)
  A hobgoblin zombie (D:5)
  A jackal skeleton (D:4)
  13 kobolds
  A kobold zombie (D:5)
  2 leopard gecko skeletons (D:4)
  An orc skeleton (D:5)
  An orc zombie (D:5)
  A quokka skeleton (D:6)
  A quokka zombie (D:8)
  9 rats
  2 fungi (Lair:1)
  A plant (Lair:1)
362 creatures vanquished.

Vanquished Creatures (collateral kills)
  A swamp dragon (Lair:4)
  A water moccasin (Lair:4)
  A crocodile (Lair:3)
3 creatures vanquished.

Vanquished Creatures (others)
  2 eldritch tentacles
  A slave (D:7)
  A centaur (D:7)
  A hound (D:7)
  An orc (D:7)
  99 fulminant prisms
  5 fungi
  3 plants
113 creatures vanquished.

Grand Total: 478 creatures vanquished

Notes
Turn   | Place    | Note
-------+----------+-------------------------------------------
     0 | D:1      | vatarom the Spriggan Conjurer began the quest for the Orb.
     0 | D:1      | Reached XP level 1. HP: 9/9 MP: 5/5
   255 | D:1      | Reached XP level 2. HP: 13/13 MP: 2/6
   650 | D:1      | Learned a level 2 spell: Searing Ray
   705 | D:1      | Reached XP level 3. HP: 12/16 MP: 2/8
  1023 | D:1      | Learned a level 3 spell: Dazzling Spray
  1382 | D:2      | Found a blossoming altar of Fedhas.
  1508 | D:2      | Reached skill level 1 in Hexes
  1797 | D:2      | Reached XP level 4. HP: 21/21 MP: 4/9
  1858 | D:2      | Noticed Sigmund
  1867 | D:2      | Killed Sigmund
  1867 | D:2      | Reached XP level 5. HP: 24/24 MP: 2/10
  2644 | D:3      | Reached XP level 6. HP: 28/28 MP: 1/11
  3224 | D:3      | Learned a level 4 spell: Fulminant Prism
  4189 | D:3      | Reached skill level 5 in Conjurations
  5256 | D:5      | Entered Level 5 of the Dungeon
  5325 | D:5      | Reached XP level 7. HP: 29/32 MP: 8/13
  5682 | D:5      | Found a glowing golden altar of the Shining One.
  5769 | D:5      | Learned a level 4 spell: Force Lance
  5929 | D:5      | Got a faintly glowing spear {freeze}
  5930 | D:5      | Identified the +11 spear "Luigeu" {freeze, Fragile rF+ Int+4} (You took it off a kobold on level 5 of the Dungeon)
  6331 | D:5      | Found a white marble altar of Elyvilon.
  6342 | D:5      | Reached skill level 1 in Translocations
  6648 | D:5      | Reached XP level 8. HP: 31/36 MP: 10/15
  6931 | D:6      | Noticed CrashTest's ghost (novice DEIE)
  6937 | D:6      | Killed CrashTest's ghost
  6937 | D:6      | Reached skill level 5 in Translocations
  6987 | D:6      | Found a shattered altar of Ashenzari.
  7150 | D:6      | Found Upsoruw's Magic Scroll Shoppe.
  7169 | D:6      | Found a staircase to the Ecumenical Temple.
  7194 | Temple   | Entered the Ecumenical Temple
  7297 | D:6      | Became a worshipper of Ashenzari the Shackled
  8048 | D:6      | Reached skill level 5 in Dodging
  8599 | D:7      | Noticed Pikel
  8609 | D:7      | Found a basalt altar of Yredelemnul.
  8685 | D:7      | Killed Pikel
  8685 | D:7      | Reached XP level 9. HP: 36/39 MP: 0/19
  8832 | D:7      | Found a sparkling altar of Nemelex Xobeh.
  8971 | D:7      | Learned a level 4 spell: Iskenderun's Mystic Blast
  9505 | D:7      | Found an opulent altar of Gozag.
  9738 | D:7      | Found a sacrificial altar of Ru.
  9985 | D:8      | Reached * piety under Ashenzari
 10124 | D:8      | Found a staircase to the Lair.
 10404 | D:8      | Found a hide-covered altar of Uskayaw.
 10530 | D:8      | Noticed a two-headed ogre
 10538 | D:8      | Killed a two-headed ogre
 10691 | D:8      | Found a burning altar of Makhleb.
 11400 | D:9      | Reached XP level 10. HP: 44/44 MP: 6/24
 12048 | D:9      | Reached skill level 10 in Spellcasting
 12449 | D:9      | Found Jiur's Food Shop.
 12456 | D:9      | Bought a fruit for 16 gold pieces
 12456 | D:9      | Bought 2 fruits for 33 gold pieces
 12456 | D:9      | Bought a fruit for 16 gold pieces
 12456 | D:9      | Bought a bread ration for 55 gold pieces
 12456 | D:9      | Bought a bread ration for 55 gold pieces
 12456 | D:9      | Bought a fruit for 16 gold pieces
 12456 | D:9      | Bought 2 fruits for 33 gold pieces
 12456 | D:9      | Bought a royal jelly for 22 gold pieces
 12622 | D:9      | Gained mutation: You have sharp fingernails. [potion of mutation]
 12715 | D:9      | Found a staircase to the Orcish Mines.
 12870 | D:10     | Entered Level 10 of the Dungeon
 13340 | D:10     | Reached ** piety under Ashenzari
 13406 | D:10     | Noticed Rhok's ghost (journeyman DrFi)
 13814 | D:10     | Killed Rhok's ghost
 13971 | D:10     | Identified the cursed +0 leather armour of Weightlessness {MR+ Str+2} (You found it on level 9 of the Dungeon)
 14063 | D:10     | Learned a level 3 spell: Spectral Weapon
 14066 | D:10     | Learned a level 2 spell: Shroud of Golubria
 14437 | D:9      | Noticed a two-headed ogre
 14446 | D:9      | Killed a two-headed ogre
 14482 | D:9      | Reached XP level 11. HP: 47/47 MP: 12/28
 15138 | D:11     | Reached skill level 5 in Hexes
 15213 | D:11     | Noticed a two-headed ogre
 15217 | D:11     | Killed a two-headed ogre
 15473 | D:11     | Reached *** piety under Ashenzari
 15483 | D:11     | Reached skill level 1 in Evocations
 15800 | D:11     | Identified the cursed +0 chain mail "Ocuewn" {rN+}
 16297 | D:11     | Noticed a five-headed hydra
 16309 | D:11     | Killed a five-headed hydra
 16562 | D:11     | Noticed Thaneod's ghost (journeyman MiBe)
 17144 | D:11     | Reached skill level 5 in Evocations
 17258 | Lair:1   | Entered Level 1 of the Lair of Beasts
 17267 | Lair:1   | Noticed a five-headed hydra
 17286 | Lair:1   | Killed a five-headed hydra
 17790 | Lair:1   | Learned a level 7 spell: Malign Gateway
 17902 | Lair:1   | Reached skill level 1 in Summonings
 18058 | Lair:1   | Identified a scroll of acquirement
 18115 | Lair:1   | Reached skill level 1 in Fighting
 18137 | Lair:1   | Reached **** piety under Ashenzari
 18360 | Lair:1   | Noticed an oklob plant
 18360 | Lair:1   | Noticed an oklob plant
 18378 | Lair:1   | Killed an oklob plant
 18388 | Lair:1   | Killed an oklob plant
 18940 | Lair:2   | Reached XP level 12. HP: 54/54 MP: 29/29
 19105 | Lair:2   | Found a snail-covered altar of Cheibriados.
 19120 | Lair:2   | Reached skill level 10 in Conjurations
 19422 | Lair:2   | Noticed a seven-headed hydra
 19434 | Lair:2   | Killed a seven-headed hydra
 19489 | Lair:2   | Noticed Sonja
 19936 | Lair:2   | Reached skill level 10 in Evocations
 20039 | Lair:2   | Reached ***** piety under Ashenzari
 20404 | Lair:2   | Killed Sonja
 21946 | Lair:4   | Found a staircase to the Swamp.
 21977 | Lair:4   | Noticed Rupert
 22268 | Lair:4   | Killed Rupert
 22492 | Lair:4   | Learned a level 7 spell: Monstrous Menagerie
 22500 | Lair:4   | Reached XP level 13. HP: 61/61 MP: 30/30
 22562 | Lair:4   | Noticed Josephine
 22568 | Lair:4   | Killed Josephine
 22713 | Lair:4   | Cast into level 3 of the Abyss (miscasting Malign Gateway)
 22817 | Abyss:3  | Found a corrupted altar of Lugonu.
 22860 | Abyss:3  | Killed from afar by a guardian serpent

Skill      XL: |  1  2  3  4  5  6  7  8  9 10 11 12 13 |
---------------+----------------------------------------+-----
Conjurations   | 3 4 5 6 7 8 9 10 | 10.2
Hexes          | 1 4 6 |  6.0
Spellcasting   | 3 4 6 9 12 | 12.3
Translocations | 3 7 8 11 12 | 12.0
Dodging        | 5 |  5.5
Evocations     | 9 10 | 10.9
Summonings     | 2 4 |  4.4
Fighting       | 1 4 |  4.1
Stealth        | |  3.0

Action                   |  1- 3 |  4- 6 |  7- 9 | 10-12 | 13-15 || total
-------------------------+-------+-------+-------+-------+-------++-------
Melee: Unarmed           |    11 |       |       |       |       ||    11
       Dagger            |    15 |    52 |     1 |       |       ||    68
       Spear             |       |       |    43 |    21 |       ||    64
       Staff             |       |       |       |     3 |     3 ||     6
 Cast: Magic Dart        |    69 |    91 |    99 |    32 |       ||   291
       Searing Ray       |     3 |     7 |    12 |     5 |       ||    27
       Dazzling Spray    |     1 |    19 |    13 |    18 |       ||    51
       Fulminant Prism   |       |     8 |    25 |    61 |     5 ||    99
       Force Lance       |       |       |    31 |   160 |     9 ||   200
       Iskenderun's Myst |       |       |    14 |    78 |     2 ||    94
       Shroud of Golubri |       |       |       |     8 |       ||     8
       Spectral Weapon   |       |       |       |     2 |       ||     2
       Malign Gateway    |       |       |       |     2 |       ||     2
Invok: Curse Item        |       |       |     2 |     3 |       ||     5
Evoke: Wand              |       |       |     3 |    16 |     1 ||    20
  Use: Scroll            |     4 |     1 |     9 |    19 |       ||    33
       Potion            |       |     4 |     1 |     3 |       ||     8
 Stab: Sleeping          |     2 |     5 |     5 |       |       ||    12
  Eat: Bread ration      |       |     1 |     2 |     1 |       ||     4
       Fruit             |       |       |     5 |       |       ||     5
Armor: Robe              |     5 |     8 |     4 |     3 |     1 ||    21
Dodge: Dodged            |    43 |    73 |    43 |   123 |     9 ||   291
